 Dungeon Crawl Stone Soup version 0.29.1-1-gd02db6906a (webtiles) character file.

Game seed: 12298113747151825498

328 MisterFreud the Twirler (level 6, -2/73 HPs)
             Began as a Formicid Gladiator on Oct 6, 2022.
             Slain by a river rat (6 damage)
             ... summoned by Eustachio
             ... on level 4 of the Dungeon.
             The game lasted 00:05:09 (4197 turns).

MisterFreud the Twirler (Formicid Gladiator)        Turns: 4197, Time: 00:05:10

Health: -2/73      AC: 23    Str: 20      XL:     6   Next: 80%
Magic:  6/6        EV:  2    Int:  8      God:
Gold:   233        SH:  0    Dex: 14 (15) Spells: 5/5 levels left

rFire   + . .      SeeInvis .   a - +0 quarterstaff
rCold   . . .      Faith    .   (no shield)
rNeg    . . .      Spirit   .   (body armour currently unavailable)
rPois   +          Reflect  .   (helmet unavailable)
rElec   .          Harm     .   (cloak currently unavailable)
rCorr   .          Rampage  .   (gloves currently unavailable)
Will    .....                   (boots currently unavailable)
Stlth   +.........              (no amulet)
HPRegen 0.22/turn               l - ring of protection from fire
MPRegen 0.10/turn               (no ring)

@: tree-form
A: stationary, stasis, torment immunity, boosted hp, permanent stasis, dig
shafts and tunnels, (antennae 3), four strong arms
a: no special abilities


You were on level 4 of the Dungeon.
You were a tree.
You visited 1 branch of the dungeon, and saw 4 of its levels.

You collected 233 gold pieces.

Inventory:

Hand Weapons
 a - a +0 quarterstaff (weapon)
 p - a +2 vorpal sling
Missiles
 c - 3 throwing nets (quivered)
 d - a javelin
 g - 7 boomerangs
 h - 3 poisoned darts
Armour
 b - a +0 leather armour (melded)
Jewellery
 l - a ring of protection from fire (left branch)
Wands
 q - a wand of paralysis (11)
Scrolls
 i - a scroll of teleportation
 j - a scroll of fog
 r - a scroll of enchant weapon {unknown}
Potions
 f - 2 potions of haste
 k - a potion of lignification
 m - 2 potions of might
 n - a potion of flight
 o - a potion of attraction


   Skills:
 + Level 4.6 Fighting
 - Level 6.0 Staves
 - Level 2.0 Throwing
 - Level 2.6 Dodging


You had 5 spell levels left.
You didn't know any spells.
Your spell library contained the following spells:

 Spells                   Type           Power      Damage    Failure   Level
 Freeze                   Ice            0%         1d3       41%         1
 Ensorcelled Hibernation  Hex/Ice        0%         N/A       54%         2
 Frozen Ramparts          Ice            0%         1d1       78%         3
 Gell's Gravitas          Tloc           0%         N/A       78%         3
 Lesser Beckoning         Tloc           0%         N/A       78%         3
 Spider Form              Tmut/Pois      0%         N/A       78%         3
 Teleport Other           Tloc           0%         N/A       78%         3
 Anguish                  Hex/Necr       0%         N/A       99%         4
 Hailstorm                Conj/Ice       0%         3d3       99%         4
 Manifold Assault         Tloc           0%         N/A       100%        5
 Storm Form               Tmut/Air       0%         N/A       100%        7
 Blink                    Tloc           Unusable   N/A       N/A         2

Dungeon Overview and Level Annotations

Branches:
Dungeon (4/15)
 Temple: D:4-7

Altars:
Xom

Shops:
D:2 *

Annotations:
D:4 Eustachio


Innate Abilities, Weirdness & Mutations

You are a tree.
Your roots penetrate the ground, keeping you stationary.
You cannot be teleported.
You are immune to unholy pain and torment.
Your maximum health is greatly increased.
Your equipment is partially melded.
You cannot be hasted, slowed, berserked, paralysed or teleported.
You can dig through walls and to a lower floor.
((You have a pair of large antennae on your head. (SInv)))
Your four strong arms can wield two-handed weapons with a shield.


Message History

The quasit suddenly stops moving!
You feel sick.
Eustachio casts a spell.
Unknown command.
Unknown command.
Unknown command.
You feel sick.
You are no longer poisoned.
Eustachio gestures wildly while chanting.
Eustachio blinks!
Eustachio gestures wildly while chanting.
The crimson imp puffs mist at you.
There are monsters nearby!
The quasit is no longer paralysed.
The quasit bites you but does no damage.
The quasit claws you but does no damage.
The quasit completely misses you.
The crimson imp sputters.
Okay, then.
Unknown command.
Okay, then.
Unknown command.
You sock the quasit!
The quasit is severely wounded.
The quasit bites you but does no damage.
The quasit claws you but does no damage. x2
You completely miss the quasit.
The quasit is severely wounded.
The quasit bites you.
* * * LOW HITPOINT WARNING * * *
The quasit claws you but does no damage. x2
The quasit bites you but does no damage.
The quasit claws you but does no damage. x2
You thump the quasit!
You kill the quasit!
The quasit disappears in a puff of smoke!
The crimson imp blinks!
You hit the river rat. Your punch misses the river rat.
The river rat is lightly wounded.
The river rat bites you.
You die...

#..# ##.## #..#
######..#
###......## #
#5...........#
#.
#..########...#
#@ #.## ..#
##.## #♣# .#
###....##r# #
#...§.).5b#
.......#@.# { {
......##.b#
...... #....
..#.. .....+ .
#.. #.....8# #.
#........


You could see Eustachio, a quasit (summoned), a crimson imp (summoned), a river
rat (summoned) and a bat (summoned).

Vanquished Creatures
  A scorpion (D:4)
  A necrophage (D:4)
  An orc priest (D:3)
  Natasha (twice) (D:3)
  Terence (D:2)
  A gnoll (D:1)
  4 adders
  A shadow imp (D:3)
  2 worms
  3 orcs
  4 ball pythons
  5 endoplasms
  2 giant cockroaches (D:1)
  8 goblins
  4 hobgoblins
  2 quokkas
  5 bats
  2 frilled lizards
  5 kobolds
  6 rats
60 creatures vanquished.

Notes
Turn   | Place    | Note
-------+----------+-------------------------------------------
     0 | D:1      | MisterFreud the Formicid Gladiator began the quest for the
                  | Orb.
     0 | D:1      | Reached XP level 1. HP: 16/16 MP: 1/1
   102 | D:1      | Reached XP level 2. HP: 16/22 MP: 2/2
   371 | D:1      | Reached skill level 4 in Staves
   371 | D:1      | Reached XP level 3. HP: 19/27 MP: 3/3
  1375 | D:2      | Found Vomab's General Store.
  1467 | D:2      | Reached XP level 4. HP: 25/33 MP: 4/4
  1656 | D:2      | Found a shimmering altar of Xom.
  1722 | D:2      | Noticed Terence
  1734 | D:2      | Killed Terence
  1735 | D:2      | Reached skill level 5 in Staves
  2032 | D:2      | Found a faded altar of an unknown god.
  2464 | D:3      | Reached XP level 5. HP: 38/38 MP: 5/5
  3543 | D:3      | Noticed Natasha
  3551 | D:3      | Killed Natasha
  3552 | D:3      | Reached skill level 6 in Staves
  3665 | D:3      | Noticed Natasha
  3676 | D:3      | Killed Natasha
  3677 | D:3      | Reached XP level 6. HP: 19/47 MP: 6/6
  4150 | D:4      | Noticed Eustachio
  4182 | D:4      | HP: 3/73 [poisoned by Eustachio]
  4195 | D:4      | HP: 3/73 [quasit[Eustachio] (2)]
  4197 | D:4      | Slain by a river rat

Illustrated notes

Levels and vault maps discovered:
D:1:      dpeg_arrival_round_c, layout_basic
D:2:      layout_rooms, basic_altar, ebering_ecumenical_altar_webs,
          serial_shops, shop, kennysheep_path_1, uniq_terence
D:3:      layout_basic, uniq_natasha
D:4:      layout_cave_pods, jmf_multi_god_temple2, uniq_eustachio

Skill      XL: |  1  2  3  4  5  6 |
---------------+-------------------+-----
Staves         | 4 5 6 |  6.0
Fighting       | 3 4 |  4.6
Throwing       | |  2.0
Dodging        | |  2.6

Action                   |  1- 3 |  4- 6 || total
-------------------------+-------+-------++-------
Melee: Quarterstaff      |    66 |   146 ||   212
       Punch             |     1 |     1 ||     2
Evoke: Wand              |       |     2 ||     2
  Use: Scroll            |     6 |     4 ||    10
       Potion            |       |     2 ||     2
 Stab: Sleeping          |     1 |     1 ||     2
Armor: Leather armour    |    11 |    20 ||    31
       Skin              |       |    31 ||    31
Dodge: Dodged            |    36 |    91 ||   127
